 Dungeon Crawl Stone Soup version 0.26-a0-612-gd4d190f45e (webtiles) character file.

Game seed: 15908611937251907906

0 Gargoyl the Skirmisher (level 1, -4/23 HPs)
             Began as a Gnoll Abyssal Knight on Sept 9, 2020.
             Was a Follower of Lugonu.
             Incinerated by a smoke demon (7 damage)
             ... with a sticky flame
             ... on level 1 of the Abyss.
             The game lasted 00:00:07 (55 turns).

Gargoyl the Skirmisher (Gnoll Abyssal Knight)         Turns: 55, Time: 00:00:08

Health: -4/23      AC:  3    Str: 14    XL:     1   Next: 0%
Magic:  3/3        EV: 12    Int: 14    God:    Lugonu [*.....]
Gold:   29         SH:  0    Dex: 14    Spells: 0/0 levels left

rFire    . . .     SeeInvis .   a - +1 hand axe
rCold    . . .     Faith    .   (no shield)
rNeg     . . .     Spirit   .   b - +0 leather armour
rPois    .         Reflect  .   (no helmet)
rElec    .         Harm     .   (no cloak)
rCorr    .                      (no gloves)
MR       .....                  (no boots)
Stlth    +.........             (no amulet)
HPRegen  0.07/turn              (no ring)
MPRegen  0.08/turn              (no ring)

@: liquid flames, glowing
A: distributed training, fangs 1, strong nose
a: Depart the Abyss, Renounce Religion


You were on level 1 of the Abyss.
You worshipped Lugonu.
Lugonu was aware of your devotion.
You visited 0 branches of the dungeon, and saw 0 of its levels.
You visited the Abyss 1 time.

You collected 29 gold pieces.

Inventory:

Hand Weapons
 a - a +1 hand axe (weapon)
Armour
 b - a +0 leather armour (worn)


   Skills:
 + Level 6.4 Fighting
 + Level 0.0 Short Blades
 + Level 0.0 Long Blades
 + Level 4.4 Axes
 + Level 0.0 Maces & Flails
 + Level 0.0 Polearms
 + Level 0.0 Staves
 + Level 0.0 Slings
 + Level 0.0 Bows
 + Level 0.0 Crossbows
 + Level 0.0 Throwing
 + Level 4.4 Armour
 + Level 2.3 Dodging
 + Level 0.0 Stealth
 + Level 0.0 Shields
 + Level 0.0 Unarmed Combat
 + Level 0.0 Spellcasting
 + Level 0.0 Conjurations
 + Level 0.0 Hexes
 + Level 0.0 Summonings
 + Level 0.0 Necromancy
 + Level 0.0 Translocations
 + Level 0.0 Transmutations
 + Level 0.0 Fire Magic
 + Level 0.0 Ice Magic
 + Level 0.0 Air Magic
 + Level 0.0 Earth Magic
 + Level 0.0 Poison Magic
 + Level 4.4 Invocations
 + Level 0.0 Evocations


You couldn't memorise any spells.
You didn't know any spells.
Your spell library was empty.

Dungeon Overview and Level Annotations

Branches:
Dungeon (0/15)

Altars:


Innate Abilities, Weirdness & Mutations

Your experience applies equally to all skills.
You have very sharp teeth.
Your uncanny sense of smell can sniff out nearby items.


Message History

A starspawn tentacle comes into view.
The starspawn tentacle grabs you. The starspawn tentacle constricts you.
You escape the starspawn tentacle's grasp.
A smoke demon comes into view.
A wight comes into view. It is wielding a +0 flail.
The smoke demon roars!
The smoke demon gestures at you. The sticky flame hits you.
You are covered in liquid flames!
An iron imp comes into view.
You are covered in liquid flames!
The iron imp shouts, "Away with thee, thou infectious hedge-born scavenger!"
Found 14 gold pieces.
You are covered in liquid flames!
You are covered in liquid flames!
* * * LOW HITPOINT WARNING * * *
You see here 14 gold pieces.
You now have 29 gold pieces (gained 14).
You are covered in liquid flames!
You die...

∆ . #... .# .. ## ####
.# .####..## #.. .#∆#
#..##. .. #.# .#..#
####.....#.#####@#...#
....#....#.#...#..# ./
..# .#.# .. .#.#
X...... ..##3##....#
..# ##.#.X.######## ..
.####...z##.# ... #..
### .. #.#..##.
#.#...# ..#.###. ..z
###


There were no monsters in sight!

Vanquished Creatures (others)
  2 starspawn tentacles (Abyss:1)
2 creatures vanquished.

Notes
Turn   | Place    | Note
-------+----------+-------------------------------------------
     0 | Abyss:1  | Gargoyl the Gnoll Abyssal Knight began the quest for the
                  | Orb.
     0 | Abyss:1  | Reached XP level 1. HP: 23/23 MP: 3/3
     3 | Abyss:1  | Found a corrupted altar of Lugonu.
    33 | Abyss:1  | Noticed a tentacled starspawn
    45 | Abyss:1  | Noticed a smoke demon
    45 | Abyss:1  | Noticed a wight
    52 | Abyss:1  | Noticed an iron imp
    55 | Abyss:1  | Incinerated by a smoke demon

Illustrated notes

Levels and vault maps discovered:
Abyss:1:  hangedman_decor_points

Table legend: (Time is in decaauts)
 A = Elapsed time spent in this place.
 B = Non-inter-level travel time spent in this place.
 C = Inter-level travel time spent in this place.
 D = Time resting spent in this place.
 E = Time spent auto-exploring this place.
 F = Levels seen in this place.
 G = Mean time per level.
                   A        B        C        D        E       F      G
               +--------+--------+--------+--------+--------+-----+--------+
         Total |     55 |     55 |      0 |      0 |     33 |   1 |   55.0 |
         Abyss |     55 |     55 |      0 |      0 |     33 |   1 |   55.0 |
               +--------+--------+--------+--------+--------+-----+--------+

Top non-repeatable levels by time:
 Abyss:1: 55 daAuts
